 Dungeon Crawl Stone Soup version 0.28.0-53-g5a82cb258f (webtiles) character file.

Game seed: 12894691054873957697

3395 cbfl8 the Cleaver (level 9, -5/123 HPs)
             Began as a Minotaur Berserker on Nov 16, 2022.
             Was an Elder of Trog.
             Slain by a yak (6 damage)
             ... on level 10 of the Dungeon.
             The game lasted 00:08:20 (7331 turns).

cbfl8 the Cleaver (Minotaur Berserker)              Turns: 7331, Time: 00:08:21

Health: -5/123     AC: 10    Str: 21    XL:     9   Next: 75%
Magic:  8/8        EV: 10    Int:  4    God:    Trog [****..]
Gold:   318        SH:  0    Dex: 15    Spells: 8/8 levels left

rFire   + . .      SeeInvis +   s - +0 battleaxe
rCold   . . .      Faith    .   (shield currently unavailable)
rNeg    . . .      Spirit   .   d - +0 chain mail
rPois   .          Reflect  .   (helmet restricted)
rElec   .          Harm     .   (no cloak)
rCorr   .          Rampage  .   (no gloves)
Will    .....                   (no boots)
Stlth   ..........              (no amulet)
HPRegen 0.30/turn               h - ring of protection from fire
MPRegen 0.11/turn               g - ring of see invisible

@: berserking, slow
A: horns 2, retaliatory headbutt
a: Renounce Religion, Berserk, Trog's Hand, Brothers in Arms


You were on level 10 of the Dungeon.
You worshipped Trog.
Trog was greatly pleased with you.
You visited 1 branch of the dungeon, and saw 8 of its levels.

You collected 318 gold pieces.

Inventory:

Hand Weapons
 s - a +0 battleaxe (weapon)
Armour
 d - a +0 chain mail (worn)
Jewellery
 a - a ring of protection from fire
 g - a ring of see invisible (right hand)
 h - a ring of protection from fire (left hand)
 o - a ring of positive energy
Wands
 p - a wand of acid (10)
Scrolls
 b - a scroll of vulnerability {unknown}
 c - 2 scrolls of magic mapping
 e - 3 scrolls of enchant weapon
 f - a scroll of identify
 j - a scroll of fog
Potions
 i - a potion of heal wounds
 k - 2 potions of curing
 l - a potion of attraction {unknown}
 m - 3 potions of mutation {unknown}
 n - a potion of might
 q - a potion of degeneration {unknown}


   Skills:
 * Level 8.4 Fighting
 * Level 11.2 Axes
 + Level 6.9 Armour
 * Level 5.7 Dodging
 + Level 0.2 Stealth
 * Level 3.8 Evocations


You had 8 spell levels left.
You didn't know any spells.
Your spell library was empty.

Dungeon Overview and Level Annotations

Branches:
Dungeon (7/15)             Temple (0/1) D:6

Altars:
Ashenzari
Gozag
Kikubaaqudgha
Makhleb
Nemelex Xobeh
Okawaru
Sif Muna
Zin

Portals:
Bailey: D:10

Annotations:
D:7 exclusion: ice statue


Innate Abilities, Weirdness & Mutations

You have a pair of horns on your head.
You reflexively headbutt those who attack you in melee.


Message History

An orc comes into view. It is wielding a +0 short sword.
The goblin closely misses you.
The orc splashes around in the water.
The goblin barely misses you. You furiously retaliate!
You headbutt the goblin, but do no damage.
The yak gores you but does no damage. The goblin hits you with a +0 hand axe.
The goblin moves out of view.
The orc moves out of view.
A red film seems to cover your vision as you go berserk!
You feel yourself moving faster!
You feel mighty! The orc barely misses you. You furiously retaliate!
You headbutt the orc!
You kill the orc!
Trog accepts your kill.
You hear a splash. x2
The goblin barely misses you. The yak barely misses you.
Your unstable footing causes you to fumble your attack.
Your unstable footing causes you to fumble your attack.
The yak completely misses you. The goblin barely misses you. The yak gores you.
You hit the goblin.
You kill the goblin!
Trog accepts your kill.
You slash the yak! x3; You slice the goblin!!
You kill the goblin!
Trog accepts your kill.
You hear a splash.
The yak barely misses you. The yak gores you.
* * * LOW HITPOINT WARNING * * *
Your unstable footing causes you to fumble your attack.
The yak gores you!
* * * LOW HITPOINT WARNING * * *
The orc hits you but does no damage. The yak gores you!
* * * LOW HITPOINT WARNING * * *
You closely miss the orc. You barely miss the yak. You slash the yak! x2
The yak closely misses you. The yak barely misses you.
The orc hits you with a +0 short sword.
* * * LOW HITPOINT WARNING * * *
Unknown command.
Your unstable footing causes you to fumble your attack.
The yak gores you!
* * * LOW HITPOINT WARNING * * *
The yak gores you but does no damage. The yak gores you.
You die...

##########
###........#
#..YYg.....#
#.oY@)≈≈≈.[#
#.≈##o##≈..#
##.≈#,..#≈,.#
#..≈#,∩.#≈..##**
#..≈#,..#≈....,*
#.o≈#####≈.#*,,******
#..≈≈≈≈≈≈≈.#*,,,,,,,*
#......o...#*****,,,**
#..###.##### ***,,,


You could see 3 yaks, an orc wizard (invisible), an orc and a goblin.

Vanquished Creatures
  A troll (D:5)
  6 yaks (D:6)
  Sigmund (D:4)
  Eustachio (D:4)
  3 water moccasins
  Duvessa (D:4)
  An orc warrior (D:10)
  A sky beast (D:5)
  2 necrophages (D:5)
  2 kobold brigands
  A bullfrog (D:6)
  2 scorpions
  A water moccasin zombie (D:5)
  Dowan (D:4)
  3 wights (D:7)
  A howler monkey (D:7)
  A centaur zombie (D:5)
  A jelly (D:6)
  2 hounds
  A bullfrog skeleton (D:7)
  Jessica (D:2)
  4 iguanas
  A gnoll shaman (D:5)
  An orc wizard (D:6)
  A scorpion zombie (D:5)
  A killer bee zombie (D:6)
  A hound skeleton (D:4)
  A howler monkey zombie (D:6)
  Robin (D:2)
  5 gnolls
  A howler monkey skeleton (D:6)
  5 adders
  2 shadow imps
  A white imp (D:7)
  An adder skeleton (D:4)
  A worm (D:2)
  A dart slug (D:3)
  11 orcs
  7 ball pythons
  7 endoplasms
  6 giant cockroaches
  20 goblins
  11 hobgoblins
  5 jackals (D:3)
  6 quokkas
  8 bats
  8 frilled lizards
  17 kobolds
  10 rats
178 creatures vanquished.

Vanquished Creatures (others)
  A fungus (D:1)
  12 plants
13 creatures vanquished.

Grand Total: 191 creatures vanquished

Notes
Turn   | Place    | Note
-------+----------+-------------------------------------------
     0 | D:1      | cbfl8 the Minotaur Berserker began the quest for the Orb.
     0 | D:1      | Reached XP level 1. HP: 19/19 MP: 0/0
   328 | D:1      | Reached skill level 4 in Axes
   328 | D:1      | Reached XP level 2. HP: 27/27 MP: 1/1
   338 | D:1      | Found a faded altar of an unknown god.
   545 | D:1      | Reached ** piety under Trog
   649 | D:1      | Reached XP level 3. HP: 34/34 MP: 2/2
  1383 | D:2      | Noticed Jessica
  1390 | D:2      | Killed Jessica
  1391 | D:2      | Reached XP level 4. HP: 41/41 MP: 3/3
  1430 | D:2      | Noticed Robin
  1444 | D:2      | Killed Robin
  1445 | D:2      | Reached skill level 5 in Axes
  2012 | D:3      | Reached skill level 1 in Evocations
  2571 | D:3      | Reached XP level 5. HP: 47/47 MP: 4/4
  2659 | D:3      | Reached *** piety under Trog
  3019 | D:4      | Noticed Sigmund
  3019 | D:4      | Noticed Eustachio
  3031 | D:4      | Killed Sigmund
  3032 | D:4      | Reached skill level 5 in Fighting
  3032 | D:4      | Reached skill level 6 in Axes
  3032 | D:4      | Reached XP level 6. HP: 56/56 MP: 5/5
  3042 | D:4      | Killed Eustachio
  3145 | D:4      | Noticed Duvessa
  3146 | D:4      | Noticed Dowan
  3159 | D:4      | Killed Dowan
  3160 | D:4      | Reached XP level 7. HP: 62/62 MP: 6/6
  3160 | D:4      | Killed Duvessa
  3161 | D:4      | Reached skill level 7 in Axes
  3728 | D:4      | Found an opulent altar of Gozag.
  3959 | D:5      | Entered Level 5 of the Dungeon
  3979 | D:5      | Reached skill level 8 in Axes
  4187 | D:5      | Noticed a troll
  4200 | D:5      | HP: 2/63 [water moccasin zombie (6)]
  4208 | D:5      | Reached XP level 8. HP: 23/70 MP: 7/7
  4451 | D:5      | Found a glowing silver altar of Zin.
  4563 | D:5      | Found an iron altar of Okawaru.
  4681 | D:5      | Found a sparkling altar of Nemelex Xobeh.
  4706 | D:5      | Reached skill level 5 in Armour
  4988 | D:5      | Killed a troll
  4989 | D:5      | Reached skill level 9 in Axes
  5328 | D:5      | Found an ancient bone altar of Kikubaaqudgha.
  5399 | D:5      | Found a broken altar of Ashenzari.
  5577 | D:6      | Reached **** piety under Trog
  5647 | D:6      | Found a staircase to the Ecumenical Temple.
  5665 | D:6      | Reached XP level 9. HP: 71/79 MP: 8/8
  5669 | D:6      | Reached skill level 10 in Axes
  5669 | D:6      | Reached skill level 5 in Dodging
  6062 | D:6      | Identified the +2 ring mail of the Pleiades {rC- Str+5
                  | Dex+4}
  6509 | D:6      | Found a burning altar of Makhleb.
  6511 | D:6      | Found a shimmering blue altar of Sif Muna.
  6983 | D:7      | Reached skill level 11 in Axes
  7092 | D:7      | Noticed an ice statue
  7214 | D:7      | You fall into a shaft and drop 3 floors!
  7214 | D:10     | Entered Level 10 of the Dungeon
  7220 | D:10     | Noticed an unseen horror
  7324 | D:10     | Found a flagged portal.
  7331 | D:10     | HP: 1/123 [yak (11)]
  7331 | D:10     | Slain by a yak

Illustrated notes

Levels and vault maps discovered:
D:1:      ncdulo_lavacross, layout_rooms, dreamdust_ecumenical_altar_grove,
          st_stairs_1, minmay_tromino_v4_b
D:2:      layout_basic, minmay_misc_feat_more_columns, uniq_robin, uniq_jessica
D:3:      minmay_inner_zag, layout_loops_cross, serial_bayou,
          serial_bayou_lake_a, serial_bayou_crossing, serial_bayou_ford_a,
          serial_bayou_pond_d, columned_hall_lemuel
D:4:      layout_cave_pools, nicolae_gozag_seed_capital,
          minmay_fractal_squares_diagonal_5, uniq_duvessa, uniq_sigmund,
          uniq_eustachio
D:5:      layout_cave_pools, marbit_many_paths, mainiacjoe_overflow_alcove_2,
          mainiacjoe_overflow_boulevard, minitemple
D:6:      layout_basic, gammafunk_temple_overflow_statue,
          minmay_temple_entry_ruins
D:7:      lemuel_ice_statue, layout_cave_pools, uniq_crazy_yiuf_cottage
D:10:     layout_rooms, enter_bailey_3

Skill      XL: |  1  2  3  4  5  6  7  8  9 |
---------------+----------------------------+-----
Axes           | 4 5 6 8 9 11 | 11.2
Fighting       | 4 5 6 7 8 |  8.4
Evocations     | 1 2 3 |  3.8
Armour         | 3 4 6 |  6.9
Dodging        | 3 4 5 |  5.7
Stealth        | |  0.2

Action                   |  1- 3 |  4- 6 |  7- 9 || total
-------------------------+-------+-------+-------++-------
Melee: Hand axe          |    78 |   133 |   196 ||   407
       Headbutt          |    10 |    18 |    56 ||    84
       Punch             |       |     4 |     4 ||     8
       War axe           |       |       |    52 ||    52
       Battleaxe         |       |       |     7 ||     7
Invok: Berserk           |       |     2 |     4 ||     6
       Trog's Hand       |       |       |     1 ||     1
  Use: Potion            |     1 |       |     1 ||     2
       Scroll            |       |       |    10 ||    10
Armor: Animal skin       |     9 |       |       ||     9
       Chain mail        |    34 |    70 |   114 ||   218
Dodge: Dodged            |    53 |    64 |   113 ||   230
